 Dungeon Crawl Stone Soup version 0.28.0-47-ge53b351184 (webtiles) character file.

Game seed: 7534027996046513331

568 bobregger the Skirmisher (level 7, -3/47 HPs)
             Began as a Gargoyle Berserker on Apr 28, 2022.
             Was a Priest of Trog.
             Killed by divine providence
             ... invoked by an orc priest
              (13 damage)
             ... on level 5 of the Dungeon.
             The game lasted 00:05:31 (5187 turns).

bobregger the Skirmisher (Gargoyle Berserker)       Turns: 5187, Time: 00:05:32

Health: -3/47      AC: 12    Str: 23    XL:     7   Next: 33%
Magic:  7/7        EV: 11    Int:  7    God:    Trog [***...]
Gold:   229        SH:  0    Dex: 14    Spells: 6/6 levels left

rFire   . . .      SeeInvis .   i - +1 whip "Ycin" {flame, rC++ Dex+5 Stlth-}
rCold   + + .      Faith    .   (no shield)
rNeg    + . .      Spirit   .   a - +0 ring mail
rPois   ∞          Reflect  .   (no helmet)
rElec   +          Harm     .   (no cloak)
rCorr   .          Rampage  .   h - +0 pair of gloves
Will    .....                   (no boots)
Stlth   ..........              (no amulet)
HPRegen 0.15/turn               (no ring)
MPRegen 0.10/turn               (no ring)

@: no status effects
A: sickness immunity, AC +4, negative energy resistance 1, electricity
resistance, torment resistance 1, petrification resistance
a: Renounce Religion, Berserk, Trog's Hand


You were on level 5 of the Dungeon.
You worshipped Trog.
Trog was most pleased with you.
You visited 1 branch of the dungeon, and saw 5 of its levels.

You collected 229 gold pieces.

Inventory:

Hand Weapons
 i - the +1 whip "Ycin" (weapon) {flame, rC++ Dex+5 Stlth-}
   (You found it on level 4 of the Dungeon)

   It burns those it strikes, dealing additional fire damage.
   Dex:       It affects your dexterity (+5).
   rC:        It greatly protects you from cold.
   Stlth:     It makes you less stealthy.
 r - a +0 flail
Armour
 a - a +0 ring mail (worn)
 h - a +0 pair of gloves (worn)
Wands
 o - a wand of digging (3)
Scrolls
 e - 2 scrolls of identify {unknown}
 g - 2 scrolls of magic mapping {unknown}
 l - 2 scrolls of blinking {unknown}
 n - a scroll of teleportation {unknown}
 q - 2 scrolls of enchant weapon {unknown}
 s - a scroll of holy word {unknown}
 t - 2 scrolls of enchant armour {unknown}
Potions
 b - a potion of magic {unknown}
 c - a potion of mutation {unknown}
 d - a potion of might {unknown}
 f - 2 potions of lignification {unknown}
 j - a potion of curing {unknown}
 k - a potion of attraction {unknown}
 m - a potion of cancellation {unknown}
 p - 2 potions of ambrosia {unknown}


   Skills:
 * Level 6.7 Fighting
 + Level 4.8 Maces & Flails
 + Level 4.6 Armour
 - Level 1.5 Dodging


You had 6 spell levels left.
You didn't know any spells.
Your spell library was empty.

Dungeon Overview and Level Annotations

Branches:
Dungeon (5/15)             Temple (0/1) D:5

Altars:
Kikubaaqudgha
Yredelemnul

Shops:
D:1 (   D:5 (


Innate Abilities, Weirdness & Mutations

You are immune to sickness and miasma.
Your stone body is resilient. (AC +4)
You are immune to poison.
You resist negative energy. (rN+)
You are resistant to electric shocks. (rElec)
You are resistant to unholy torment.
You are immune to petrification.


Message History

The centaur zombie closely misses you. The centaur zombie barely misses you.
You hit the centaur zombie. You burn the centaur zombie.
The centaur zombie is heavily damaged.
The centaur zombie barely misses you.
The centaur zombie kicks you but does no damage.
You hit the centaur zombie. You burn the centaur zombie.
The centaur zombie is severely damaged.
The centaur zombie hits you but does no damage.
The centaur zombie kicks you but does no damage.
You whack the centaur zombie! You burn the centaur zombie.
You destroy the centaur zombie!
Trog accepts your kill.
Found a scroll labelled ZEKI RIHOESIY.
Found 6 gold pieces.
You now have 229 gold pieces (gained 6).
t - 2 scrolls labelled ZEKI RIHOESIY (gained 1)
An ogre comes into view. It is wielding a +0 giant club.
The ogre shouts!
An ogre is nearby!
An orc priest comes into view. It is wielding a +0 trident.
The orc priest shouts!
The ogre closely misses you.
The orc priest looks satisfied for a moment.
An orc comes into view. It is wielding a +0 mace.
The ogre hits you with a +0 giant club!!
Ouch! That really hurt!
The orc shouts!
You hit the ogre. You burn the ogre.
The ogre is moderately wounded.
An orc comes into view. It is wielding a +0 short sword.
The orc shouts!
You hit the ogre. You burn the ogre.
The ogre is heavily wounded.
The ogre hits you with a +0 giant club!
* * * LOW HITPOINT WARNING * * *
You hit the ogre. You burn the ogre.
The ogre is severely wounded.
The orc priest mumbles some strange prayers to Beogh against you.
Beogh smites you!
You die...

..#..............#.########
...............#.........#
#######.#.>..............#
### .#.......#........# ...
...............### .###
##...#.##.###..# ...
...............# .###
#..#####......## .# .#$
#..@.......## .#
.#....O######..##### .#
#....## #......# #####
#.... #......# ....#.#..
#..... .##......# #......#
#.oo... #.........#
..###..........o
####......# .## ##.......
#......# ..# #......#


You could see an ogre, an orc priest and 2 orcs.

Vanquished Creatures
  An ice beast (D:4)
  A necrophage (D:5)
  2 centaur zombies (D:5)
  3 hounds
  Ijyb (D:3)
  2 orc wizards (D:5)
  A hound skeleton (D:5)
  5 adders
  2 worms (D:3)
  An adder skeleton (D:5)
  A dart slug (D:2)
  10 orcs
  6 bats
  9 endoplasms
  3 giant cockroaches (D:4)
  6 hobgoblins
  12 kobolds
  5 quokkas
  6 ball pythons
  2 frilled lizards
  9 goblins
  A rat (D:3)
89 creatures vanquished.

Notes
Turn   | Place    | Note
-------+----------+-------------------------------------------
     0 | D:1      | bobregger the Gargoyle Berserker began the quest for the
                  | Orb.
     0 | D:1      | Reached XP level 1. HP: 14/14 MP: 1/1
   290 | D:1      | Found Tekled's Weapon Emporium.
   427 | D:1      | Reached XP level 2. HP: 16/19 MP: 2/2
  1335 | D:1      | Found a faded altar of an unknown god.
  1697 | D:2      | Reached XP level 3. HP: 24/24 MP: 3/3
  1755 | D:2      | Reached skill level 4 in Fighting
  2306 | D:3      | Noticed Ijyb
  2322 | D:3      | Killed Ijyb
  2323 | D:3      | Reached XP level 4. HP: 25/30 MP: 4/4
  2786 | D:3      | Reached ** piety under Trog
  3261 | D:3      | Found an ancient bone altar of Kikubaaqudgha.
  3325 | D:3      | Reached XP level 5. HP: 30/34 MP: 5/5
  3641 | D:4      | Reached skill level 5 in Fighting
  3701 | D:4      | Identified the +1 whip "Ycin" {flame, rC++ Dex+5 Stlth-}
  4190 | D:4      | Noticed an ice beast
  4205 | D:4      | Killed an ice beast
  4206 | D:4      | Reached XP level 6. HP: 40/40 MP: 6/6
  4619 | D:5      | Entered Level 5 of the Dungeon
  4684 | D:5      | Reached skill level 6 in Fighting
  4855 | D:5      | Found a staircase to the Ecumenical Temple.
  4916 | D:5      | Reached *** piety under Trog
  4960 | D:5      | Reached XP level 7. HP: 46/47 MP: 7/7
  4976 | D:5      | Found a basalt altar of Yredelemnul.
  5017 | D:5      | Found Dody's Weapon Shoppe.
  5187 | D:5      | Killed from afar by an orc priest

Illustrated notes

Levels and vault maps discovered:
D:1:      lightli_arrival_chessboard, layout_loops_ring,
          shapermc_ecumenical_altar_hornbeckon, serial_shops,
          nicolae_shop_hallway_plus
D:2:      layout_basic
D:3:      layout_loops_ring, mainiacjoe_overflow_six_doors_small, uniq_ijyb
D:4:      layout_loops_corners, grunt_ministairs_10
D:5:      layout_rooms, mainiacjoe_overflow_alcove_4, minmay_temple_entry_waves,
          serial_shops, nicolae_shop_bloodbath_and_beyond,
          nicolae_shop_unique_rings, minmay_manual_mandibuliform

Skill      XL: |  1  2  3  4  5  6 |
---------------+-------------------+-----
Fighting       | 4 5 6 |  6.7
Armour         | 3 4 |  4.6
Maces & Flails | 4 |  4.8
Dodging        | |  1.5

Action                   |  1- 3 |  4- 6 |  7- 9 || total
-------------------------+-------+-------+-------++-------
Melee: Mace              |   110 |    66 |       ||   176
       Punch             |     2 |     2 |       ||     4
       Flail             |       |    33 |       ||    33
       Whip              |       |   114 |    23 ||   137
Invok: Berserk           |       |     2 |       ||     2
Armor: Animal skin       |    27 |       |       ||    27
       Leather armour    |    21 |    40 |       ||    61
       Ring mail         |       |    69 |     9 ||    78
Dodge: Dodged            |    82 |   137 |    13 ||   232
